 Dungeon Crawl Stone Soup version 0.20-a0-993-gba41c3c (webtiles) character file.

24 Hook the Grasshopper (level 3, -3/29 HPs)
             Began as a Bultungin Warper on Apr 11, 2017.
             Slain by a gnoll
             ... wielding a +0 spear
              (9 damage)
             ... on level 2 of the Dungeon.
             The game lasted 00:05:16 (1288 turns).

Hook the Grasshopper (Bultungin Warper)             Turns: 1288, Time: 00:05:17

Health: -3/29      AC:  4    Str: 11    XL:     3   Next: 2%
Magic:  2/8        EV: 13    Int: 13    God:
Gold:   70         SH:  0    Dex: 13    Spells: 7/9 levels left

rFire    . . .     SeeInvis +   i - +1 short sword (drain)
rCold    . . .     Gourm    .   (no shield)
rNeg     . . .     Faith    .   b - +0 leather armour
rPois    .         Spirit   .   (no helmet)
rElec    .         Reflect  .   h - +0 cloak
rCorr    .         Harm     .   (no gloves)
MR       .....                  (no boots)
Stlth    +.........             g - amulet of rage
Regen    0.1/turn               (no ring)
MPRegen  0.2/turn               (no ring)

@: lethally poisoned (-3 -> -15)
A: short attention span, fangs 1, see invisible, strong nose
a: Evoke Berserk Rage


You were on level 2 of the Dungeon.
You were not hungry.

You visited 1 branch of the dungeon, and saw 2 of its levels.

You collected 70 gold pieces.

Inventory:

Hand Weapons
 a - a +0 short sword
 i - a +1 short sword of draining (weapon)
Missiles
 e - 5 tomahawks of dispersal (quivered)
Armour
 b - a +0 leather armour (worn)
 h - a +0 cloak (worn)
Jewellery
 g - an amulet of rage (around neck)
Wands
 m - a wand of enslavement (15/24)
Scrolls
 d - a scroll of blinking
 j - 2 scrolls of identify {unknown}
 n - a scroll of teleportation {unknown}
Potions
 k - a potion of agility {unknown}
 l - a potion of flight {unknown}
Books
 c - a book of Spatial Translocations

   Spells                             Type                      Level
   a - Blink                          Translocation                2
   b - Shroud of Golubria             Charms/Translocation         2
   c - Lesser Beckoning               Translocation                3
   d - Gell's Gravitas                Translocation                3
   e - Teleport Other                 Translocation                3
   f - Passage of Golubria            Translocation                4
Comestibles
 f - 2 bread rations


   Skills:
 * Level 3.6 Fighting
 + Level 3.5 Short Blades
 - Level 1.5 Throwing
 - Level 1.7 Armour
 * Level 3.8 Dodging
 + Level 3.5 Spellcasting
 + Level 4.4 Translocations


You had 7 spell levels left.
You knew the following spells:

 Your Spells              Type           Power        Failure   Level  Hunger
a - Blink                 Tloc           N/A          10%         2    ##.....


Dungeon Overview and Level Annotations

Branches:
Dungeon (2/15)

Altars:


Innate Abilities, Weirdness & Mutations

You have a short attention span.
You have very sharp teeth.
You have supernaturally acute eyesight. (SInv)
Your uncanny sense of smell can sniff out nearby items.


Message History

There is an open door here.
Casting: Blink
Confirm with . or Enter, or press ? or * to list all spells.
You blink.
The gnoll hits you from afar with a spear of venom!
You are poisoned.
Casting: Blink
Confirm with . or Enter, or press ? or * to list all spells.
You blink.
You feel sick. The gnoll hits you but does no damage.
Casting: Blink
Confirm with . or Enter, or press ? or * to list all spells.
You blink.
You feel sick.
The gnoll hits you from afar with a spear.
You feel sick. The gnoll misses you. The gnoll hits you but does no damage.
The gnoll hits you with a flail.
* * * LOW HITPOINT WARNING * * *
The gnoll misses you.
* * * LOW HITPOINT WARNING * * *
You feel sick. The gnoll hits you with a spear!
You die...

#### #!.
#.###∆
##...#+#####
#..g.......#
#.ggg......#
#..@.$.....#
####'#######
#.# ... #.####
...######....#
........####.#
........##...#
........##.###
........##.#


You could see 4 gnolls.

Vanquished Creatures
  A dart slug (D:1)
  2 leopard geckos (D:1)
  2 giant cockroaches (D:1)
  4 goblins
  2 hobgoblins
  A kobold (D:1)
  A ball python (D:1)
  4 bats (D:1)
  A frilled lizard (D:1)
  A rat (D:1)
19 creatures vanquished.

Notes
Turn   | Place    | Note
-------+----------+-------------------------------------------
     0 | D:1      | Hook the Bultungin Warper began the quest for the Orb.
     0 | D:1      | Reached XP level 1. HP: 18/18 MP: 4/4
   226 | D:1      | Reached XP level 2. HP: 16/24 MP: 6/6
  1064 | D:2      | Learned a level 2 spell: Blink
  1108 | D:2      | Reached XP level 3. HP: 29/29 MP: 8/8
  1288 | D:2      | Slain by a gnoll

Vault maps used:
D:1:      eino_arrival_cavern_e
D:2:      grunt_gozag_breadcrumbs

Action                   || total
-------------------------++-------
Melee: Short sword       ||    60
       Bite              ||     3
 Cast: Blink             ||     3
  Eat: Royal jelly       ||     1
Armor: Leather armour    ||    16
Dodge: Dodged            ||    39
